Map: At Eternity's Edge LE

Players

lllIIIIlll - Winner!

  • Race: Protoss Protoss
  • League: Grandmaster
  • Spawn Location: 5:00

RipNHammer

  • Race: Terran Terran
  • League: Master
  • Spawn Location: 11:00

VOD

Have the link to the VOD?

Description

Time

  • Played on: Sept. 6, 2026, 11:52 a.m.
  • Length: 12:25
Show
View Real Time Build Order
Export as new Build Order

lllIIIIlll Protoss - Winner!

Build Orders: 1 Gate Expand, Oracle Opening, Phoenix Opening, Colossus Rush 

Get SALT Encoding   

  8  0:00  Probe (Chrono Boost)  
  9  0:12  Probe (Chrono Boost)  
  10  0:17  Probe (Chrono Boost)  
  11  0:27  Probe  
  12  0:32  Pylon  
  12  0:39  Probe  
  13  0:51  Probe  
  13  0:54  Gateway  
  14  1:03  Probe (Chrono Boost)  
  15  1:14  Probe (Chrono Boost)  
  16  1:18  Probe (Chrono Boost)  
  17  1:34  Nexus  
  17  1:44  Cybernetics Core  
  17  1:49  Assimilator  
  17  1:51  Probe  
  18  1:55  Assimilator  
  18  2:03  Probe (Chrono Boost)  
  19  2:10  Pylon  
  19  2:15  Probe (Chrono Boost)  
  20  2:19  Probe (Chrono Boost)  
  20  2:21  Shield Battery  
  21  2:29  Probe  
  22  2:30  Shield Battery  
  22  2:36  Sentry  
  25  2:44  Probe (Chrono Boost)  
  25  2:46  Probe (Chrono Boost)  
  26  2:57  Probe (Chrono Boost)  
  26  2:58  Probe (Chrono Boost)  
  28  3:01  Probe (Chrono Boost)  
  28  3:06  Stargate  
  28  3:07  Phoenix  
  30  3:13  Probe x2 (Chrono Boost)  
  30  3:14  Stalker  
  32  3:21  Probe (Chrono Boost)  
  32  3:23  Probe (Chrono Boost)  
  34  3:27  Probe  
  34  3:31  Warp Gate  
  34  3:33  Probe  
  36  3:39  Probe, Pylon  
  36  3:41  Assimilator  
  37  3:43  Assimilator  
  37  3:48  Probe  
  40  3:51  Probe  
  39  3:56  Oracle (Chrono Boost)  
  42  4:04  Probe  
  43  4:10  Robotics Facility  
  43  4:14  Probe (Chrono Boost)  
  43  4:16  Probe (Chrono Boost)  
  45  4:23  Pylon  
  46  4:26  Probe (Chrono Boost)  
  46  4:27  Probe (Chrono Boost)  
  46  4:29  Pylon  
  46  4:31  Probe (Chrono Boost)  
  47  4:35  Probe  
  49  4:40  Pylon  
  49  4:42  Probe  
  49  4:43  Void Ray  
  54  4:48  Probe, Shield Battery  
  57  4:53  Sentry  
  57  4:54  Probe  
  58  5:01  Probe  
  59  5:11  Robotics Bay, Immortal  
  63  5:15  Pylon  
  63  5:16  Pylon, Stalker  
  63  5:17  Protoss Air Weapons Level 1  
  65  5:24  Pylon  
  65  5:32  Void Ray  
  69  5:36  Probe x2  
  70  5:50  Probe  
  70  5:54  Colossus (Chrono Boost), Probe  
  78  6:06  Probe  
  78  6:07  Probe  
  78  6:09  Forge  
  78  6:10  Nexus  
  78  6:11  Pylon  
  80  6:18  Void Ray  
  84  6:20  Probe  
  85  6:25  Stalker  
  87  6:33  Pylon  
  87  6:34  Pylon  
  87  6:35  Extended Thermal Lance  
  87  6:41  Colossus (Chrono Boost)  
  92  6:54  Pylon  
  92  7:05  Fleet Beacon  
  92  7:10  Nexus  
  92  7:11  Pylon  
  92  7:13  Stalker  
  93  7:20  Probe  
  94  7:25  Probe  
  94  7:28  Stalker  
  97  7:32  Probe  
  95  7:38  Probe (Chrono Boost)  
  95  7:41  Colossus  
  95  7:42  Protoss Ground Weapons Level 1 (Chrono Boost)  
  103  7:44  Probe (Chrono Boost)  
  103  7:48  Stalker  
  103  7:50  Probe (Chrono Boost)  
  106  7:53  Probe (Chrono Boost)  
  105  8:01  Probe, Carrier (Chrono Boost)  
  112  8:07  Probe  
  113  8:15  Probe  
  113  8:19  Stalker, Probe  
  117  8:22  Shield Battery  
  117  8:24  Photon Cannon  
  117  8:33  Stargate  
  117  8:38  Probe x2  
  117  8:40  Probe, Assimilator x2  
  120  8:44  Protoss Air Weapons Level 2 (Chrono Boost)  
  120  8:48  Colossus  
  120  8:50  Probe x2  
  120  8:53  Probe  
  129  9:01  Nexus, Pylon, Zealot  
  132  9:02  Probe  
  132  9:03  Probe  
  132  9:05  Probe  
  132  9:09  Pylon  
  134  9:11  Pylon  
  134  9:15  Gateway  
  134  9:18  Gateway  
  134  9:19  Carrier (Chrono Boost)  
  140  9:24  Stalker  
  142  9:33  Carrier (Chrono Boost)  
  142  9:38  Probe x2  
  150  9:40  Shield Battery  
  150  9:44  Protoss Shields Level 1  
  150  9:47  Probe  
  150  9:50  Probe  
  150  9:51  Stalker, Assimilator  
  154  9:53  Assimilator  
  154  9:55  Pylon  
  154  9:57  Twilight Council  
  154  10:03  Stalker  
  154  10:05  Probe x2  
  154  10:06  Stalker x2  
  162  10:16  Stalker  
  164  10:23  Photon Cannon  
  164  10:24  Mothership (Chrono Boost)  
  164  10:25  Photon Cannon  
  164  10:26  Photon Cannon  
  164  10:27  Pylon  
  164  10:28  Shield Battery  
  172  10:34  Pylon  
  172  10:36  Charge  
  172  10:48  Carrier (Chrono Boost)  
  172  10:49  Nexus  
  178  10:57  Stalker x2  
  178  10:59  Stalker  
  178  11:03  Probe  
  185  11:12  Stalker x2  
  185  11:13  Phoenix (Chrono Boost)  
  185  11:15  Probe  
  192  11:20  Stalker  
  192  11:25  Gateway  
  194  11:26  Gateway  
  194  11:27  Probe  
  194  11:28  Phoenix (Chrono Boost)  
  194  11:30  Gateway  
  194  11:31  Stargate  
  193  11:41  Stalker x2  
  193  11:45  Probe  
  194  11:50  Stalker  
  196  11:56  Probe  
  197  12:06  Nexus  
  197  12:08  Probe  
Show
View Real Time Build Order
Export as new Build Order

RipNHammer Terran 

Build Orders: Reaper Expand 

Get SALT Encoding   

  8  0:00  SCV  
  9  0:12  SCV  
  10  0:25  SCV  
  11  0:37  SCV  
  11  0:39  Supply Depot  
  12  0:49  SCV  
  13  1:01  SCV  
  13  1:02  Barracks  
  14  1:08  Refinery  
  14  1:13  SCV  
  15  1:25  SCV  
  16  1:37  SCV  
  17  1:50  Orbital Command  
  17  1:53  Reaper  
  18  2:05  Command Center  
  18  2:16  SCV  
  19  2:24  Supply Depot  
  19  2:29  SCV  
  20  2:34  Barracks Reactor  
  20  2:35  Barracks  
  20  2:41  SCV  
  21  2:48  Barracks  
  21  2:54  SCV  
  22  3:06  SCV  
  22  3:08  Bunker  
  22  3:10  Marine x2  
  25  3:18  Orbital Command  
  25  3:21  SCV  
  25  3:23  Barracks Tech Lab  
  26  3:29  Marine  
  26  3:33  SCV, Marine  
  29  3:39  Barracks Tech Lab  
  29  3:41  Stimpack  
  29  3:43  SCV  
  29  3:47  Marine  
  31  3:48  Marine  
  31  3:50  SCV  
  31  3:54  Supply Depot  
  33  3:57  Combat Shield  
  33  4:00  SCV  
  34  4:04  Marine x2  
  34  4:05  SCV  
  34  4:09  Supply Depot  
  37  4:12  Marine x2  
  37  4:13  SCV  
  40  4:18  Supply Depot  
  40  4:19  SCV  
  40  4:21  Marine  
  42  4:28  Engineering Bay  
  42  4:29  SCV, Marine  
  42  4:31  Marine  
  45  4:32  SCV  
  45  4:37  Supply Depot  
  46  4:39  Marine  
  46  4:41  SCV  
  46  4:43  Marauder  
  50  4:48  SCV  
  51  4:53  SCV  
  51  5:00  Marine x2  
  51  5:01  SCV  
  53  5:08  Marine  
  53  5:09  Marine  
  53  5:12  SCV  
  53  5:13  SCV  
  57  5:18  Marine  
  57  5:19  Missile Turret  
  58  5:22  Missile Turret  
  58  5:23  Marine  
  59  5:33  Marine, Marauder, SCV  
  63  5:47  Marine  
  63  5:51  Marauder, Marine  
  63  5:52  SCV  
  63  5:54  Marine  
  68  5:57  SCV  
  68  5:59  Refinery  
  68  6:01  Factory  
  69  6:04  Supply Depot, SCV  
  70  6:12  Marine x2  
  70  6:13  Marauder, Command Center, Concussive Shells  
  74  6:20  SCV, Refinery  
  74  6:22  Refinery  
  75  6:26  SCV  
  75  6:27  Marauder  
  75  6:30  Marine  
  75  6:32  SCV  
  80  6:33  Marine  
  80  6:35  Barracks  
  79  6:40  Marine  
  79  6:48  SCV x2, Marine  
  79  6:49  Marauder  
  79  6:51  Marine  
  85  6:57  Marine  
  85  7:00  SCV x2  
  88  7:05  Supply Depot  
  88  7:07  Starport  
  88  7:08  Factory Reactor  
  88  7:12  SCV x2  
  88  7:19  Marine  
  88  7:20  Marine, Marauder  
  89  7:30  Marauder  
  90  7:37  Barracks  
  90  7:49  Starport  
  90  7:52  Viking x2  
  90  7:53  Orbital Command  
  90  8:02  Supply Depot x2  
  90  8:03  Supply Depot  
  90  8:04  Supply Depot x2  
  90  8:05  Supply Depot  
  68  8:13  Orbital Command  
  68  8:22  Viking x2  
  68  8:23  SCV  
  68  8:24  SCV  
  74  8:38  Viking  
  76  8:43  Viking, Orbital Command  
  78  8:50  SCV  
  78  8:51  Refinery  
  78  8:52  SCV  
  78  8:55  Medivac  
  82  9:01  Refinery  
  82  9:03  SCV  
  82  9:04  SCV  
  82  9:05  Medivac  
  82  9:08  Viking  
  88  9:15  SCV x2  
  90  9:17  Medivac  
  90  9:20  SCV  
  93  9:24  Supply Depot  
  93  9:27  Supply Depot, SCV x2  
  95  9:32  SCV  
  95  9:33  Medivac  
  95  9:34  Barracks Tech Lab  
  95  9:36  Marine x2  
  95  9:37  Marine x2  
  102  9:39  SCV  
  103  9:46  Medivac  
  103  9:48  SCV x2  
  103  9:52  Engineering Bay, Supply Depot  
  107  9:54  Marine  
  107  9:55  Medivac  
  107  9:59  Barracks Reactor  
  110  10:00  SCV, Orbital Command  
  111  10:07  SCV  
  111  10:10  Engineering Bay  
  111  10:12  Armory  
  112  10:15  Viking  
  112  10:18  Medivac  
  112  10:21  SCV x2  
  118  10:25  Viking  
  120  10:37  SCV x3  
  120  10:40  Refinery x2  
  120  10:42  Marine  
  126  10:43  Marauder  
  126  10:49  SCV x2  
  127  11:01  Viking x3  
  127  11:03  SCV  
  134  11:08  Supply Depot  
  134  11:11  Viking  
  134  11:14  Sensor Tower  
  136  11:19  SCV x2  
  136  11:21  SCV  
  136  11:22  Marine x5  
  136  11:23  Marine  
  140  11:40  Marine x2  
Tags
 
Add a new tag
Caveats
  • Supply blocks, unpowered buildings, or Contaminate may cause inaccurate times.
  • Supply counts are checked every 10 seconds.